 Dungeon Crawl Stone Soup version 0.16.2-12-gd0ad4c3 (webtiles) character file.

37 dvd the Insei (level 3, -2/23 HPs)
             Began as an Octopode Transmuter on Oct 3, 2015.
             Slain by an adder (3 damage)
             ... on level 2 of the Dungeon.
             The game lasted 00:05:11 (1031 turns).

dvd the Insei (Octopode Transmuter)                 Turns: 1031, Time: 00:05:11

Health: -2/23      AC:  1    Str:  9    XL:     3   Next: 39%
Magic:  5/6        EV: 12    Int: 16    God:
Gold:   43         SH:  0    Dex: 12    Spells: 3 memorised, 0 levels left

rFire  . . .     SeeInvis .     c - +0 mace
rCold  . . .     Clarity  .     (no shield)
rNeg   . . .     SustAb   .     (helmet restricted)
rPois  .         Gourm    .     (no amulet)
rElec  .         Spirit   .     (no ring)
rCorr  .         Warding  .     (no ring)
rMut   .         Stasis   .     (no ring)
MR     .....                    (no ring)
Stlth  +++.......               (no ring)
                                (no ring)
                                (no ring)
                                (no ring)

@: lethally poisoned (-2 -> -15), appendage, not resistant to hostile
enchantments, fairly stealthy
A: almost no armour, amphibious, 8 rings, constrict 8, tentacle spike 3,
camouflage 1, gelatinous body 1
a: End Transformation


You were on level 2 of the Dungeon.
You were hungry.
One of your tentacles had a temporary spike.
You visited 1 branch of the dungeon, and saw 2 of its levels.

You collected 43 gold pieces.

Inventory:

Hand weapons
 c - a +0 mace (weapon)
 g - a +0 short sword
Missiles
 b - 32 arrows
Scrolls
 h - a scroll of teleportation {unknown}
 i - a scroll of identify {unknown}
Potions
 e - a potion of resistance {unknown}
 l - a potion of heal wounds {unknown}
Books
 d - a book of Changes

   Spells                             Type                      Level
   a - Beastly Appendage              Transmutation                1
   b - Sticks to Snakes               Transmutation                2
   c - Spider Form                    Transmutation/Poison         3
   d - Ice Form                       Ice/Transmutation            4
   e - Blade Hands                    Transmutation                5
Comestibles
 a - a bread ration
 f - a chunk of flesh
 j - a meat ration
 k - a slice of pizza


   Skills:
 + Level 1.1 Fighting
 + Level 2.2 Dodging
 + Level 0.8 Stealth
 + Level 3.6 Unarmed Combat
 + Level 2.2 Spellcasting
 + Level 2.3 Transmutations


You couldn't memorise any spells.
You knew the following spells:

 Your Spells              Type           Power        Failure   Level  Hunger
a - Beastly Appendage     Trmt           #.....       10%         1    #......
b - Sticks to Snakes      Trmt           #.........   14%         2    ###....
c - Spider Form           Trmt/Pois      #.........   38%         3    ###....


Dungeon Overview and Level Annotations

Branches:
Dungeon (2/15)

Altars:


Innate Abilities, Weirdness & Mutations

You cannot wear most types of armour.
You are amphibious.
You can wear up to eight rings at the same time.
You can use your tentacles to constrict many enemies at once.
Your skin changes colour to match your surroundings (Stealth).
Your rubbery body absorbs attacks (AC +1).
One of your tentacles bears a large vicious spike.


Message History

One of your tentacles grows a vicious spike.
You barely miss the adder. Your grab misses the adder. The adder bites you.
You are more poisoned.
The adder poisons you!
You hit the adder. Your grab misses the adder.
The adder is lightly wounded.
You feel sick. The adder closely misses you. The adder misses you.
You barely miss the adder. Your grab misses the adder.
The adder is lightly wounded.
You feel sick. The adder bites you.
* * * LOW HITPOINT WARNING * * *
You are more poisoned.
The adder poisons you! The adder misses you.
Unknown command.
You closely miss the adder. You grab the adder.
The adder is lightly wounded.
You constrict the adder, but do no damage.
* * * LOW HITPOINT WARNING * * *
You feel sick. The adder bites you.
You die...

# .... # #.. ...# #####.
b... ..#
.......####....####..####
..... ...........†.......
...##.## #....# #.#...#
##.##.# ##
#.....######S.# ...
##..........@.#
#..##....#####...#
#......## #..## ###..)..#
#.... ###.#.# #..####.
###.#.#####.###...
####...#....##.#......
#......).>..[.........
...##.########.........


You could see an adder.

Vanquished Creatures
  An adder (D:2)
  A giant gecko (D:1)
  5 bats (D:1)
  A giant cockroach (D:1)
  2 goblins
  5 hobgoblins
  3 jackals (D:1)
  2 giant newts (D:1)
  3 kobolds
  3 rats (D:1)
26 creatures vanquished.

Notes
Turn   | Place    | Note
--------------------------------------------------------------
     0 | D:1      | dvd, the Octopode Transmuter, began the quest for the Orb.
     0 | D:1      | Reached XP level 1. HP: 13/13 MP: 3/3
   179 | D:1      | Reached XP level 2. HP: 6/18 MP: 2/4
   951 | D:2      | Reached XP level 3. HP: 23/23 MP: 4/6
  1007 | D:2      | Learned a level 2 spell: Sticks to Snakes
  1013 | D:2      | Learned a level 3 spell: Spider Form
  1031 | D:2      | HP: 1/23 [poisoned by an adder]
  1031 | D:2      | Slain by an adder

Action                   || total
-------------------------++-------
Melee: Mace              ||    57
 Cast: Beastly Appendage ||    14
 Stab: Sleeping          ||     2
